 Dungeon Crawl Stone Soup version 0.30.1-11-g7821555f0a (webtiles) character file.

Game seed: 3689963272955610665

1654 Ijustatesigmund the Trooper (level 9, -6/55 HPs)
             Began as a Gargoyle Fighter on Nov 2, 2023.
             Killed from afar by a hell hog (11 damage)
             ... with a fireball
             ... on level 1 of the Abyss.
             The game lasted 00:08:35 (5198 turns).

Ijustatesigmund the Trooper (Gargoyle Fighter)      Turns: 5198, Time: 00:08:35

Health: -6/55      AC: 18    Str: 19    XL:     9   Next: 0%
Magic:  9/9        EV: 10    Int: 14    God:
Gold:   213        SH:  5    Dex: 15    Spells: 8/8 levels left

rFire   . . .        a - +0 flail
rCold   + . .        c - +0 buckler
rNeg    + . .        b - +0 scale mail
rPois   ∞            m - +2 helmet
rElec   +            f - scarf {repulsion}
rCorr   .            (no gloves)
SInv    .            i - +0 pair of boots
Will    .....        (no amulet) Stlth
                     o - ring of Duta {rC+ Dex+6}
HPRegen 0.29/turn    (no ring)
MPRegen 0.11/turn

%: repel missiles
@: hasted, very quick
A: sickness immunity, AC +6, negative energy resistance 1, electricity
resistance, torment resistance 1, petrification resistance
a: no special abilities


You were on level 1 of the Abyss.
You visited 1 branch of the dungeon, and saw 5 of its levels.
You visited the Abyss 1 time.

You collected 323 gold pieces.
You spent 110 gold pieces at shops.

Inventory:

Hand Weapons
 a - a +0 flail (weapon)
Armour
 b - a +0 scale mail (worn)
 c - a +0 buckler (worn)
 f - a scarf of repulsion (worn)
 i - a +0 pair of boots (worn)
 m - a +2 helmet (worn)
Jewellery
 o - the ring of Duta (left hand) {rC+ Dex+6}
   (You found it on level 2 of the Dungeon)

   [ring of dexterity]

   Dex:       It affects your dexterity (+6).
   rC:        It protects you from cold.
Wands
 h - a wand of roots (7)
 t - a wand of flame (10)
 C - a wand of acid (3)
Scrolls
 j - a scroll of blinking {unknown}
 k - a scroll of torment {unknown}
 l - a scroll of poison {unknown}
 q - a scroll of noise {unknown}
 v - a scroll of magic mapping {unknown}
 w - a scroll of enchant weapon {unknown}
 x - a scroll of teleportation
 y - a scroll of enchant armour {unknown}
 z - 2 scrolls of identify
 D - a scroll of immolation {unknown}
Potions
 d - 2 potions of might
 e - a potion of magic
 g - a potion of mutation
 p - a potion of ambrosia
 r - 2 potions of brilliance {unknown}
 s - 3 potions of curing {unknown}
 u - a potion of haste
 A - a potion of lignification {unknown}


   Skills:
 - Level 6.0 Fighting
 - Level 5.0 Maces & Flails
 - Level 5.5 Armour
 - Level 3.1 Dodging
 - Level 5.4 Shields
 + Level 4.8 Evocations


You had 8 spell levels left.
You didn't know any spells.
Your spell library contained the following spells:

 Spells                   Type           Power      Damage    Failure   Level
 Sting                    Tmut/Pois      0%         1d3       69%         1
 Poisonous Vapours        Pois/Air       0%         N/A       83%         2
 Mephitic Cloud           Conj/Pois/Air  0%         N/A       96%         3
 Ozocubu's Armour         Ice            0%         N/A       96%         3
 Olgreb's Toxic Radiance  Pois           0%         N/A       100%        4
 Freezing Cloud           Conj/Ice/Air   0%         6-21      100%        5
 Ozocubu's Refrigeration  Ice            0%         4d7       100%        7


Dungeon Overview and Level Annotations

Branches:
Dungeon (5/15)
 Temple: D:4-7

Altars:
Ashenzari
Nemelex Xobeh
Wu Jian

Shops:
D:4 !

Annotations:
Abyss:1 2 transporters


Innate Abilities, Weirdness & Mutations

You are immune to sickness and miasma.
Your stone body is resilient. (AC +6)
You are immune to poison.
You resist negative energy. (rN+)
You are resistant to electric shocks. (rElec)
You are resistant to unholy torment.
You are immune to petrification.


Message History

You hear an angry squeal.
You feel much better.
The hell hog bites you but does no damage.
You sock the hell hog!
The hell hog is heavily wounded.
The hell hog barely misses you.
You hit the hell hog but do no damage.
The hell hog is lightly wounded.
A hell hog comes into view.
The hell hog bites you but does no damage. x2
The hell hog squeals angrily.
You hit the hell hog.
The hell hog is lightly wounded.
The hell hog bites you but does no damage.
You block the hell hog's attack.
A hell hog comes into view.
The hell hog breathes fire at you.
The fireball explodes!
The fireball engulfs the hell hog.
The hell hog completely resists.
The fireball engulfs the hell hog.
The hell hog completely resists.
The fireball engulfs you but does no damage.
The fireball engulfs the hell hog.
The hell hog completely resists.
The hell hog bites you.
A wraith comes into view.
As you read the scroll labelled OPLEEWN XUEL, it crumbles to dust.
The scroll dissolves into smoke.
It was a scroll of fog.
The hell hog bites you. The hell hog closely misses you.
The hell hog bites you but does no damage.
You feel yourself speed up. You block the hell hog's attack.
The hell hog bites you!
* * * LOW HITPOINT WARNING * * *
The hell hog bites you but does no damage.
Found a plate armour.
Found a transporter.
The hell hog breathes fire at you.
The fireball explodes!
The fireball engulfs you!
* * * LOW HITPOINT WARNING * * *
You hear a chilling moan.
The hell hog breathes fire at you.
The fireball explodes!
The fireball engulfs you!
You die...

#. # ##. .. ##
#.. # .. ..##.
## #. # .#.##
. ° # . .. ##
##... ## R.. #
#..##...#
#...# .###R. #
#.#
.####@##§..##.
##...
###§§§..©#.
.#. .##h#h§..#
#...####h§#§.#
##...#.##h§
### ...##.
.#h.#.#XX.
..#h. #..#..##
[.# .. ..###.
..#..# X# #. #
## ..##.# ##


You could see a hell hog (catching breath).

Vanquished Creatures
  Pikel (D:4)
  The ghost of fedepesso the Cleaver, a novice HOMo (D:4)
  A phantom (D:4)
  A kobold brigand (D:4)
  A wight (Abyss:1)
  2 hounds
  4 orc priests (D:5)
  An iron imp (Abyss:1)
  2 iguanas (D:4)
  Ijyb (D:4)
  An orc wizard (D:5)
  8 gnolls
  4 adders
  An ufetubus (D:4)
  2 worms
  3 dart slugs
  15 orcs
  7 endoplasms
  6 giant cockroaches
  6 goblins
  11 hobgoblins
  5 jackals
  13 kobolds
  6 quokkas
  4 ball pythons
  A bat (D:1)
  2 frilled lizards
  10 rats
120 creatures vanquished.

Notes
Turn   | Place    | Note
-------+----------+-------------------------------------------
     0 | D:1      | Ijustatesigmund the Gargoyle Fighter began the quest for
                  | the Orb.
     0 | D:1      | Reached XP level 1. HP: 14/14 MP: 1/1
   105 | D:1      | Reached XP level 2. HP: 19/19 MP: 2/2
   623 | D:2      | Reached XP level 3. HP: 19/24 MP: 3/3
   663 | D:2      | Reached skill level 4 in Fighting
  1113 | D:2      | Identified the ring of Duta {rC+ Dex+6}
  1286 | D:2      | Reached XP level 4. HP: 29/29 MP: 4/4
  2095 | D:3      | Reached XP level 5. HP: 34/34 MP: 5/5
  2112 | D:3      | Reached skill level 1 in Dodging
  2671 | D:4      | Noticed Ijyb
  2686 | D:4      | Killed Ijyb
  2892 | D:4      | Noticed a lemure
  2896 | D:4      | Noticed a lemure
  2916 | D:4      | Reached XP level 6. HP: 39/39 MP: 6/6
  2943 | D:4      | Found Cahoj's Distillery.
  2946 | D:4      | Bought a potion of haste for 110 gold pieces
  2957 | D:4      | Noticed Pikel
  3142 | D:4      | Killed Pikel
  3143 | D:4      | Reached skill level 5 in Fighting
  3143 | D:4      | Reached XP level 7. HP: 40/44 MP: 7/7
  3322 | D:4      | Found an ornate altar of the Wu Jian Council.
  3341 | D:4      | Reached skill level 5 in Armour
  3494 | D:5      | Entered Level 5 of the Dungeon
  3520 | D:4      | Reached skill level 5 in Shields
  3897 | D:4      | Reached XP level 8. HP: 50/51 MP: 8/8
  4363 | D:5      | Found a sparkling altar of Nemelex Xobeh.
  4363 | D:5      | Found a broken altar of Ashenzari.
  4645 | D:5      | Reached skill level 6 in Fighting
  4645 | D:5      | Reached skill level 5 in Maces & Flails
  4913 | D:5      | Found a runed translucent gate.
  4914 | D:5      | Found a runed translucent gate.
  4914 | D:5      | Noticed fedepesso's ghost (novice HOMo)
  4915 | D:5      | Found a runed translucent gate.
  4965 | D:4      | Killed fedepesso's ghost
  5075 | Abyss:1  | Cast into level 1 of the Abyss (kobold)
  5180 | Abyss:1  | Noticed a hell hog
  5181 | Abyss:1  | Reached XP level 9. HP: 55/55 MP: 9/9
  5181 | Abyss:1  | Noticed a hell hog
  5186 | Abyss:1  | Found a transporter.
  5188 | Abyss:1  | Noticed an efreet
  5193 | Abyss:1  | Noticed a hell hog
  5194 | Abyss:1  | Noticed a hell hog
  5197 | Abyss:1  | Found a transporter.
  5197 | Abyss:1  | Noticed a starcursed mass
  5198 | Abyss:1  | Killed from afar by a hell hog

Illustrated notes

Levels and vault maps discovered:
D:1:      saegor_arrival_simple_e, layout_basic
D:2:      layout_rooms, minmay_strange_pillars, hangedman_decor_push,
          minmay_tetromino_o2
D:3:      layout_basic
D:4:      layout_cave_pools, mainiacjoe_overflow_24_doors, serial_shops,
          kennysheep_mini_moat, uniq_ijyb, uniq_pikel
D:5:      layout_basic, mainiacjoe_overflow_divided_tiny,
          gammafunk_ghost_nasty_kobolds
Abyss:1:  base: D:5, hangedman_relentless_pull, gammafunk_corrupted_shrine

Skill      XL: |  1  2  3  4  5  6  7  8 |
---------------+-------------------------+-----
Fighting       | 4 5 6 |  6.0
Maces & Flails | 3 4 5 |  5.0
Dodging        | 1 2 3 |  3.1
Shields        | 4 5 |  5.4
Armour         | 4 5 |  5.5
Evocations     | 4 |  4.8

Action                     |  1- 3 |  4- 6 |  7- 9 || total
---------------------------+-------+-------+-------++-------
  Melee: Flail             |   121 |   179 |   206 ||   506
  Evoke: Wand              |       |     4 |     2 ||     6
    Use: Scroll            |       |     6 |     1 ||     7
         Potion            |       |     1 |     6 ||     7
 Armour: Scale mail        |    60 |    86 |   170 ||   316
  Dodge: Dodged            |    71 |    89 |   135 ||   295
  Block: Buckler           |    24 |    53 |    77 ||   154
